 Dungeon Crawl Stone Soup version 0.25-a0-860-gf695395b5c (webtiles) character file.

Game seed: 16794575239064715194, levelgen mode: deterministic

42 MisterFreud the Skirmisher (level 3, -1/33 HPs)
             Began as a Barachi Fighter on Apr 28, 2020.
             Slain by a gnoll
             ... wielding a +0 whip
              (4 damage)
             ... on level 2 of the Dungeon.
             The game lasted 00:01:59 (929 turns).

MisterFreud the Skirmisher (Barachi Fighter)         Turns: 929, Time: 00:02:00

Health: -1/33      AC:  6    Str: 15 (18) XL:     3   Next: 56%
Magic:  3/3        EV:  6    Int:  6 (8)  God:
Gold:   47         SH:  8    Dex: 10 (11) Spells: 2/2 levels left

rFire    . . .     SeeInvis .   a - +0 long sword
rCold    . . .     Gourm    .   c - +0 kite shield
rNeg     . . .     Faith    .   b - +0 scale mail
rPois    .         Spirit   .   (no helmet)
rElec    .         Reflect  .   (no cloak)
rCorr    .         Harm     .   (no gloves)
MR       .....                  (no boots)
Stlth    ..........             (no amulet)
HPRegen  0.11/turn              k - ring of wizardry
MPRegen  0.08/turn              (no ring)

@: slow
A: +LOS, swims, slowness 1, strong legs 1
a: Hop


You were on level 2 of the Dungeon.
You were hungry.

You visited 1 branch of the dungeon, and saw 2 of its levels.

You collected 47 gold pieces.

Inventory:

Hand Weapons
 a - a +0 long sword (weapon)
Armour
 b - a +0 scale mail (worn)
 c - a +0 kite shield (worn)
Jewellery
 k - a ring of wizardry (left hand)
Scrolls
 h - a scroll of immolation {unknown}
 j - a scroll of fear {unknown}
Potions
 d - a potion of might
Comestibles
 f - 5 rations
 g - a chunk of flesh


   Skills:
 * Level 5.4 Fighting
 - Level 2.4 Long Blades
 - Level 3.6 Armour
 - Level 3.2 Shields


You had 2 spell levels left.
You didn't know any spells.
Your spell library was empty.

Dungeon Overview and Level Annotations

Branches:
Dungeon (2/15)

Altars:


Innate Abilities, Weirdness & Mutations

You can be seen from farther away. (+LOS)
You can swim through water.
You cover ground slowly.
You can hop short distances.


Message History

* * * LOW HITPOINT WARNING * * *
It was a potion of degeneration.
There was something very wrong with that liquid.
You feel weakened.
You feel dopey.
You feel clumsy. You block the bat's attack.
The gnoll hits you but does no damage.
It was a potion of curing.
You feel better. You block the bat's attack. You block the gnoll's attack.
You closely miss the bat. The bat hits you but does no damage.
The bat barely misses you. You block the gnoll's attack.
You miss the bat. The bat hits you but does no damage.
You block the bat's attack. You block the gnoll's attack.
The bat barely misses you.
Your shield prevents you from hitting the bat.
You block the bat's attack. The bat hits you.
* * * LOW HITPOINT WARNING * * *
You block the gnoll's attack. The gnoll hits you with a +0 whip.
* * * LOW HITPOINT WARNING * * *
It was a potion of cancellation.
You feel magically purged. The bat hits you but does no damage.
The gnoll hits you with a +0 whip.
You die...

#).# #.g....#
#g.# #.###.##
##.###########.#
#.#
##>.......g..gg#
#.#
..##############
#g# ..........#
#.# ..#######.#
#.# ..#
#.########g# ..#
#.....ab@gg# ..#
############ ..#
^.# ###


You could see a worker ant, 3 gnolls and a bat.

Vanquished Creatures
  A gnoll (D:2)
  A dart slug (D:2)
  4 bats
  3 giant cockroaches (D:1)
  2 hobgoblins (D:1)
  4 kobolds
  3 frilled lizards (D:1)
  7 goblins
  4 rats
29 creatures vanquished.

Notes
Turn   | Place    | Note
-------+----------+-------------------------------------------
     0 | D:1      | MisterFreud the Barachi Fighter began the quest for the
                  | Orb.
     0 | D:1      | Reached XP level 1. HP: 18/18 MP: 1/1
    75 | D:1      | Reached skill level 4 in Fighting
   212 | D:1      | Reached XP level 2. HP: 25/25 MP: 2/2
   516 | D:1      | Reached skill level 5 in Fighting
   516 | D:1      | Reached XP level 3. HP: 29/33 MP: 3/3
   929 | D:2      | Slain by a gnoll

Levels and vault maps discovered:
D:1:      dpeg_arrival_windows_large_door, layout_loops_ring
D:2:      layout_basic, first_ration

Skill      XL: |  1  2 |
---------------+-------+-----
Fighting       | 4 5 |  5.4
Long Blades    | |  2.4
Armour         | |  3.6
Shields        | |  3.2

Action                   || total
-------------------------++-------
Melee: Long sword        ||    88
  Use: Potion            ||     3
Armor: Scale mail        ||    49
Dodge: Dodged            ||    35
Block: Kite shield       ||    63
       Rpst.: Long sword ||    14

Table legend:
 A = Non-vault XP
 B = Vault XP
 C = Vault XP percentage of total XP
 D = Non-vault monster count
 E = Vault monster count
 F = Vault count percentage of total count
                 A         B        C        D         E       F
            +---------+---------+-------+---------+---------+-------
      Total |      61 |       0 |   0.0 |      29 |       0 |   0.0
            +---------+---------+-------+---------+---------+-------
        D:1 |      36 |       0 |   0.0 |      23 |       0 |   0.0
        D:2 |      25 |       0 |   0.0 |       6 |       0 |   0.0
            +---------+---------+-------+---------+---------+-------
